[ PARTIDA AOE2 · #507240601 ]
UnrankedEspañoles vs Celts
Equipo del jugador · DERR
Equipo rival · VICT
[ ANÁLISIS DE REPETICIÓN · EXTRAÍDO DE LA PARTIDA GRABADA ]
Feudal
10:14
Castillos
22:27
Imperial
—
| APM promedio | 76.7 |
| APM pico | 113 |
| eAPM promedio | 42.0 |
| Aldeanos / militares | 147 / 53 |
Foco
⚔️ 47.9% · 🌾 52.1%
Conquistador ×27 · Fishing Ship ×13 · Mangonel ×9 · Skirmisher ×9 · Archer ×3 · Monk ×2
Feudal
10:59
Castillos
22:06
Imperial
—
| APM promedio | 56.5 |
| APM pico | 82 |
| eAPM promedio | 27.8 |
| Aldeanos / militares | 77 / 138 |
Foco
⚔️ 42.8% · 🌾 57.2%
Archer ×87 · Woad Raider ×21 · Knight ×7 · Scout Cavalry ×7 · Militia ×5 · Battering Ram ×5
Mapa de la partida
Recursos iniciales + cada clic de construcción. Líneas = muros · curvas = relieve. ◆ oro · ⬟ piedra · ● bayas · ✦ reliquia · ◌ hueco del cierre
Tu base· ✓ Cerrada en 22:27 · 62t muro · sin puerta
Base de [DGLOS] DyouDi· ✓ Cerrada en 22:06 · 65t muro · 1 puerta(s)
Terreno inicial suavizado · ◌ = hueco del cierre detectado · pasá el cursor para detalles
Inputs por minuto
— Kanon - - [DGLOS] DyouDi
Build order — Kanon
Primeras 150 de 405 acciones detectadas
| 0:01 | Encolar | Villager (Male) |
| 0:01 | Encolar | Villager (Male) |
| 0:02 | Construir | House |
| 0:02 | Construir | House |
| 0:13 | Encolar | Villager (Male) |
| 0:14 | Encolar | Villager (Male) |
| 1:30 | Encolar | Villager (Male) |
| 1:30 | Encolar | Villager (Male) |
| 2:02 | Encolar | Villager (Male) |
| 2:02 | Encolar | Villager (Male) |
| 2:19 | Construir | Lumber Camp |
| 2:20 | Encolar | Villager (Male) |
| 2:21 | Encolar | Villager (Male) |
| 2:43 | Encolar | Villager (Male) |
| 2:43 | Encolar | Villager (Male) |
| 3:11 | Encolar | Villager (Male) |
| 3:12 | Encolar | Villager (Male) |
| 3:29 | Encolar | Villager (Male) |
| 3:29 | Encolar | Villager (Male) |
| 3:49 | Construir | House |
| 3:53 | Construir | House |
| 4:16 | Encolar | Villager (Male) |
| 4:16 | Encolar | Villager (Male) |
| 4:21 | Construir | Dock |
| 4:28 | Construir | Dock |
| 4:34 | Encolar | Villager (Male) |
| 4:35 | Encolar | Villager (Male) |
| 4:58 | Encolar | Fishing Ship |
| 4:58 | Encolar | Fishing Ship |
| 5:05 | Encolar | Villager (Male) |
| 5:05 | Encolar | Villager (Male) |
| 5:25 | Construir | House |
| 5:26 | Construir | Palisade Wall |
| 5:26 | Encolar | Villager (Male) |
| 5:27 | Encolar | Villager (Male) |
| 5:50 | Encolar | Villager (Male) |
| 5:57 | Encolar | Fishing Ship |
| 5:57 | Encolar | Fishing Ship |
| 6:16 | Encolar | Villager (Male) |
| 6:36 | Encolar | Fishing Ship |
| 6:36 | Encolar | Fishing Ship |
| 6:41 | Encolar | Villager (Male) |
| 7:02 | Encolar | Villager (Male) |
| 7:08 | Construir | House |
| 7:18 | Construir | Palisade Gate |
| 7:25 | Investigar | Loom |
| 7:42 | Construir | House |
| 7:44 | Construir | Palisade Wall |
| 8:01 | Encolar | Fishing Ship |
| 8:04 | Investigar | Feudal Age |
| 8:04 | Investigar | Feudal Age |
| 8:26 | Construir | Palisade Wall |
| 8:27 | Construir | Palisade Wall |
| 8:31 | Construir | Palisade Wall |
| 8:46 | Construir | Palisade Wall |
| 9:07 | Construir | Mining Camp |
| 9:22 | Encolar | Villager (Male) |
| 9:58 | Construir | Barracks |
| 10:14 | Edad | Edad Feudal |
| 10:22 | Construir | Fish Trap |
| 10:23 | Encolar | Villager (Male) |
| 10:28 | Construir | Palisade Wall |
| 10:45 | Construir | Fish Trap |
| 10:50 | Encolar | Villager (Male) |
| 11:14 | Construir | Fish Trap |
| 11:16 | Encolar | Villager (Male) |
| 11:26 | Construir | House |
| 11:42 | Construir | Fish Trap |
| 11:43 | Encolar | Villager (Male) |
| 11:57 | Investigar | Double-Bit Axe |
| 11:57 | Investigar | Double-Bit Axe |
| 12:07 | Encolar | Villager (Male) |
| 12:28 | Construir | Archery Range |
| 12:31 | Encolar | Villager (Male) |
| 12:39 | Encolar | Fishing Ship |
| 12:40 | Encolar | Fishing Ship |
| 12:43 | Encolar | Spearman |
| 12:43 | Encolar | Spearman |
| 13:03 | Construir | House |
| 13:04 | Construir | House |
| 13:13 | Encolar | Archer |
| 13:13 | Encolar | Archer |
| 13:14 | Construir | House |
| 13:15 | Construir | House |
| 13:16 | Encolar | Villager (Male) |
| 13:16 | Encolar | Villager (Male) |
| 13:29 | Construir | Fish Trap |
| 13:35 | Encolar | Fishing Ship |
| 13:36 | Encolar | Villager (Male) |
| 13:40 | Construir | House |
| 13:46 | Encolar | Skirmisher |
| 14:00 | Construir | Mill |
| 14:09 | Encolar | Skirmisher |
| 14:09 | Encolar | Villager (Male) |
| 14:23 | Construir | Fish Trap |
| 14:34 | Encolar | Villager (Male) |
| 14:40 | Construir | Palisade Wall |
| 14:54 | Encolar | Villager (Male) |
| 14:59 | Encolar | Fishing Ship |
| 15:06 | Encolar | Skirmisher |
| 15:17 | Construir | Blacksmith |
| 15:23 | Encolar | Villager (Male) |
| 15:29 | Construir | Mining Camp |
| 15:32 | Construir | House |
| 15:45 | Encolar | Fishing Ship |
| 15:48 | Encolar | Villager (Male) |
| 15:54 | Construir | Fish Trap |
| 16:02 | Construir | Palisade Wall |
| 16:03 | Construir | Palisade Wall |
| 16:16 | Encolar | Villager (Male) |
| 16:17 | Encolar | Skirmisher |
| 16:19 | Investigar | Fletching |
| 16:19 | Investigar | Fletching |
| 16:29 | Construir | Market |
| 16:36 | Construir | House |
| 16:45 | Encolar | Archer |
| 16:45 | Encolar | Villager (Male) |
| 17:02 | Encolar | Skirmisher |
| 17:03 | Encolar | Villager (Male) |
| 17:17 | Construir | House |
| 17:18 | Construir | Palisade Wall |
| 17:20 | Encolar | Skirmisher |
| 17:26 | Construir | Fish Trap |
| 17:30 | Construir | Stone Wall |
| 17:41 | Encolar | Villager (Male) |
| 17:55 | Construir | Watch Tower |
| 17:57 | Construir | Market |
| 18:02 | Encolar | Skirmisher |
| 18:05 | Construir | House |
| 18:07 | Encolar | Villager (Male) |
| 18:24 | Encolar | Villager (Male) |
| 18:33 | Construir | House |
| 18:37 | Encolar | Villager (Male) |
| 18:48 | Construir | Fish Trap |
| 19:02 | Construir | House |
| 19:08 | Construir | Lumber Camp |
| 19:11 | Encolar | Skirmisher |
| 19:15 | Encolar | Villager (Male) |
| 19:18 | Construir | Fish Trap |
| 19:46 | Investigar | Castle Age |
| 19:46 | Investigar | Castle Age |
| 20:01 | Construir | Lumber Camp |
| 20:07 | Investigar | Horse Collar |
| 20:07 | Investigar | Horse Collar |
| 20:15 | Investigar | Tech 906 |
| 20:16 | Investigar | Tech 906 |
| 20:23 | Encolar | Fishing Ship |
| 20:56 | Encolar | Skirmisher |
| 20:58 | Encolar | Villager (Male) |
| 21:02 | Construir | House |
Build order — [DGLOS] DyouDi
Primeras 150 de 358 acciones detectadas
| 0:00 | Encolar | Villager (Male) |
| 0:00 | Encolar | Villager (Male) |
| 0:01 | Construir | House |
| 0:02 | Construir | House |
| 0:04 | Encolar | Villager (Male) |
| 0:04 | Encolar | Villager (Male) |
| 1:29 | Encolar | Villager (Male) |
| 1:56 | Encolar | Villager (Male) |
| 2:19 | Encolar | Villager (Male) |
| 2:31 | Construir | Lumber Camp |
| 2:45 | Encolar | Villager (Male) |
| 3:11 | Encolar | Villager (Male) |
| 3:11 | Encolar | Villager (Male) |
| 3:35 | Construir | House |
| 3:36 | Construir | House |
| 4:07 | Encolar | Villager (Male) |
| 4:08 | Encolar | Villager (Male) |
| 4:19 | Encolar | Villager (Male) |
| 5:09 | Construir | Barracks |
| 5:10 | Construir | Palisade Wall |
| 5:22 | Encolar | Villager (Male) |
| 5:24 | Encolar | Villager (Male) |
| 5:24 | Encolar | Villager (Male) |
| 5:35 | Encolar | Villager (Male) |
| 5:56 | Encolar | Villager (Male) |
| 6:08 | Encolar | Villager (Male) |
| 6:18 | Encolar | Militia |
| 6:33 | Encolar | Militia |
| 6:34 | Encolar | Militia |
| 6:42 | Construir | Mill |
| 6:56 | Construir | House |
| 7:01 | Encolar | Militia |
| 7:28 | Encolar | Villager (Male) |
| 7:33 | Construir | Mill |
| 7:50 | Encolar | Villager (Male) |
| 7:51 | Investigar | Loom |
| 8:49 | Investigar | Feudal Age |
| 8:57 | Construir | Farm |
| 9:07 | Construir | Mining Camp |
| 9:44 | Construir | House |
| 9:45 | Construir | House |
| 9:51 | Encolar | Villager (Male) |
| 10:59 | Edad | Edad Feudal |
| 11:01 | Construir | Archery Range |
| 11:03 | Encolar | Villager (Male) |
| 11:05 | Construir | House |
| 11:09 | Construir | Palisade Wall |
| 11:09 | Construir | Palisade Wall |
| 11:13 | Investigar | Man-at-Arms (upgrade) |
| 11:15 | Encolar | Spearman |
| 11:20 | Investigar | Double-Bit Axe |
| 11:20 | Investigar | Double-Bit Axe |
| 11:21 | Investigar | Horse Collar |
| 11:26 | Construir | Palisade Wall |
| 11:27 | Construir | Palisade Wall |
| 11:44 | Encolar | Villager (Male) |
| 11:48 | Construir | Palisade Wall |
| 11:55 | Encolar | Archer |
| 11:57 | Encolar | Spearman |
| 11:58 | Encolar | Villager (Male) |
| 11:59 | Encolar | Villager (Male) |
| 12:05 | Construir | Palisade Wall |
| 12:19 | Construir | Palisade Wall |
| 12:24 | Encolar | Villager (Male) |
| 12:27 | Construir | Lumber Camp |
| 12:36 | Construir | Farm |
| 12:37 | Encolar | Archer |
| 12:56 | Encolar | Villager (Male) |
| 13:01 | Construir | Farm |
| 13:10 | Encolar | Archer |
| 13:15 | Construir | Farm |
| 13:18 | Construir | Farm |
| 13:31 | Encolar | Archer |
| 13:32 | Encolar | Villager (Male) |
| 13:35 | Construir | Farm |
| 13:38 | Construir | Farm |
| 13:54 | Construir | Palisade Wall |
| 13:59 | Construir | Farm |
| 14:04 | Encolar | Archer |
| 14:15 | Encolar | Archer |
| 14:26 | Encolar | Villager (Male) |
| 14:28 | Construir | Farm |
| 14:29 | Construir | Farm |
| 14:29 | Encolar | Villager (Male) |
| 14:52 | Encolar | Archer |
| 15:02 | Encolar | Archer |
| 15:06 | Encolar | Villager (Male) |
| 15:08 | Construir | Farm |
| 15:14 | Construir | Palisade Wall |
| 15:18 | Encolar | Archer |
| 15:19 | Encolar | Villager (Male) |
| 15:27 | Construir | House |
| 15:37 | Encolar | Archer |
| 15:50 | Encolar | Villager (Male) |
| 15:52 | Construir | Blacksmith |
| 15:57 | Construir | Palisade Wall |
| 16:09 | Encolar | Villager (Male) |
| 16:12 | Construir | Farm |
| 16:17 | Encolar | Archer |
| 16:25 | Construir | House |
| 16:25 | Construir | House |
| 16:33 | Encolar | Villager (Male) |
| 16:36 | Construir | Farm |
| 16:55 | Investigar | Fletching |
| 16:58 | Construir | Farm |
| 17:00 | Encolar | Villager (Male) |
| 17:04 | Construir | Lumber Camp |
| 17:14 | Investigar | Padded Archer Armor |
| 17:14 | Encolar | Archer |
| 17:29 | Encolar | Archer |
| 17:29 | Encolar | Villager (Male) |
| 17:33 | Encolar | Militia |
| 17:58 | Encolar | Archer |
| 17:58 | Encolar | Villager (Male) |
| 18:01 | Construir | House |
| 18:06 | Construir | Blacksmith |
| 18:09 | Construir | Market |
| 18:11 | Encolar | Villager (Male) |
| 18:56 | Encolar | Villager (Male) |
| 18:58 | Construir | Stable |
| 19:02 | Encolar | Villager (Male) |
| 19:08 | Construir | Palisade Gate |
| 19:18 | Investigar | Castle Age |
| 19:27 | Construir | Archery Range |
| 19:45 | Encolar | Villager (Male) |
| 19:49 | Construir | Farm |
| 19:50 | Construir | Farm |
| 19:50 | Construir | Farm |
| 19:52 | Encolar | Scout Cavalry |
| 20:02 | Encolar | Archer |
| 20:07 | Investigar | Gold Mining |
| 20:07 | Investigar | Gold Mining |
| 20:13 | Construir | Mining Camp |
| 20:17 | Encolar | Archer |
| 20:33 | Construir | House |
| 20:34 | Construir | House |
| 20:35 | Construir | House |
| 20:43 | Encolar | Archer |
| 20:43 | Encolar | Scout Cavalry |
| 20:51 | Investigar | Wheelbarrow |
| 21:23 | Encolar | Archer |
| 21:24 | Encolar | Archer |
| 21:28 | Encolar | Archer |
| 21:29 | Encolar | Archer |
| 21:37 | Encolar | Archer |
| 21:49 | Encolar | Villager (Male) |
| 21:53 | Investigar | Scale Barding Armor |
| 21:57 | Construir | House |
| 22:06 | Edad | Edad de los Castillos |
| 22:09 | Investigar | Crossbowman (upgrade) |
Cronología de la partida
| 4:21 | Kanon · first_building Dock |
| 5:09 | [DGLOS] DyouDi · first_building Barracks |
| 5:10 | [DGLOS] DyouDi · wall_segment Palisade Wall x1 |
| 5:26 | Kanon · wall_segment Palisade Wall x1 |
| 7:44 | Kanon · wall_segment Palisade Wall x8 |
| 8:26 | Kanon · wall_segment Palisade Wall x1 |
| 8:27 | Kanon · wall_segment Palisade Wall x1 |
| 8:31 | Kanon · wall_segment Palisade Wall x5 |
| 8:46 | Kanon · wall_segment Palisade Wall x7 |
| 9:58 | Kanon · first_building Barracks |
| 10:14 | Kanon · age_up feudal |
| 10:28 | Kanon · wall_segment Palisade Wall x1 |
| 10:59 | [DGLOS] DyouDi · age_up feudal |
| 11:01 | [DGLOS] DyouDi · first_building Archery Range |
| 11:09 | [DGLOS] DyouDi · wall_segment Palisade Wall x3 |
| 11:09 | [DGLOS] DyouDi · wall_segment Palisade Wall x1 |
| 11:26 | [DGLOS] DyouDi · wall_segment Palisade Wall x14 |
| 11:27 | [DGLOS] DyouDi · wall_segment Palisade Wall x2 |
| 11:48 | [DGLOS] DyouDi · wall_segment Palisade Wall x5 |
| 12:05 | [DGLOS] DyouDi · wall_segment Palisade Wall x9 |
| 12:19 | [DGLOS] DyouDi · wall_segment Palisade Wall x14 |
| 12:28 | Kanon · first_building Archery Range |
| 13:54 | [DGLOS] DyouDi · wall_segment Palisade Wall x8 |
| 14:40 | Kanon · wall_segment Palisade Wall x12 |
| 15:14 | [DGLOS] DyouDi · wall_segment Palisade Wall x10 |
| 15:57 | [DGLOS] DyouDi · wall_segment Palisade Wall x7 |
| 16:02 | Kanon · wall_segment Palisade Wall x2 |
| 16:03 | Kanon · wall_segment Palisade Wall x8 |
| 17:18 | Kanon · wall_segment Palisade Wall x8 |
| 17:30 | Kanon · wall_segment Stone Wall x11 |
| 17:40 | Kanon · first_market_buy 100 food |
| 18:58 | [DGLOS] DyouDi · first_building Stable |
| 19:17 | [DGLOS] DyouDi · first_market_buy 100 food |
| 19:18 | [DGLOS] DyouDi · first_market_sell 100 stone |
| 22:06 | [DGLOS] DyouDi · age_up castle |
| 22:18 | [DGLOS] DyouDi · first_building Siege Workshop |
| 22:27 | Kanon · age_up castle |
| 22:49 | Kanon · wall_segment Palisade Wall x6 |
| 23:11 | Kanon · wall_segment Palisade Wall x1 |
| 24:01 | Kanon · first_building Castle |
| 24:46 | Kanon · first_building Monastery |
| 24:52 | Kanon · first_market_sell 100 food |
| 27:17 | Kanon · wall_segment Stone Wall x1 |
| 27:18 | Kanon · wall_segment Stone Wall x1 |
| 27:21 | Kanon · wall_segment Stone Wall x1 |
| 27:57 | Kanon · first_building Siege Workshop |
| 33:26 | [DGLOS] DyouDi · first_building Castle |
| 41:14 | Kanon · resign |
[ ANÁLISIS IA · 1 CRÉDITO ]
¿Qué pasó realmente en esta partida?
Wolo.gg analiza cada decisión: build order, eco, micro, errores típicos por bracket. Análisis personalizado por WhatsApp o Discord en 30 segundos.
Guía civ
Españoles
Perfil
Jugador #811511